 Dungeon Crawl Stone Soup version 0.29-a0-563-g64e4043184 (webtiles) character file.

Game seed: 11014567464143792973

874 bande the Chopper (level 8, 0/49 HPs)
             Began as a Gargoyle Fighter on June 12, 2022.
             Slain by an orc
             ... wielding a +0 dagger
              (2 damage)
             ... on level 5 of the Dungeon.
             The game lasted 00:07:17 (4984 turns).

bande the Chopper (Gargoyle Fighter)                Turns: 4984, Time: 00:07:18

Health: 0/49       AC: 14    Str: 20    XL:     8   Next: 4%
Magic:  8/8        EV:  9    Int:  9    God:
Gold:   1381       SH:  0    Dex: 11    Spells: 7/7 levels left

rFire   . . .      SeeInvis .   a - +1 war axe
rCold   . . .      Faith    .   c - +1 buckler
rNeg    + . .      Spirit   .   b - +0 scale mail
rPois   ∞          Reflect  .   (no helmet)
rElec   +          Harm     .   j - +0 cloak
rCorr   .          Rampage  .   (no gloves)
Will    .....                   (no boots)
Stlth   ..........              (no amulet)
HPRegen 0.16/turn               (no ring)
MPRegen 0.11/turn               (no ring)

@: confused
A: sickness immunity, AC +5, negative energy resistance 1, electricity
resistance, torment resistance 1, petrification resistance
a: no special abilities


You were on level 5 of the Dungeon.
You visited 1 branch of the dungeon, and saw 5 of its levels.

You collected 1381 gold pieces.

Inventory:

Hand Weapons
 a - a +1 war axe (weapon)
 h - a +0 war axe
 u - a +0 flail
Armour
 b - a +0 scale mail (worn)
 c - a +1 buckler (worn)
 j - a +0 cloak (worn)
Wands
 d - a wand of digging (3)
 m - a wand of flame (20)
Scrolls
 g - a scroll of enchant armour
 l - a scroll of enchant weapon
Potions
 e - 2 potions of curing
 f - 2 potions of resistance
 i - 3 potions of heal wounds
 k - a potion of flight
 p - 2 potions of haste
 s - a potion of magic
 t - a potion of might


   Skills:
 + Level 5.0 Fighting
 + Level 5.5 Axes
 + Level 5.3 Armour
 - Level 0.1 Stealth
 + Level 4.4 Shields
 * Level 2.4 Evocations


You had 7 spell levels left.
You didn't know any spells.
Your spell library contained the following spells:

 Spells                   Type           Power      Damage    Failure   Level
 Shock                    Conj/Air       0%         1d3       80%         1
 Summon Small Mammal      Summ           0%         N/A       80%         1
 Call Canine Familiar     Summ           0%         N/A       99%         3
 Summon Guardian Golem    Hex/Summ       0%         N/A       99%         3
 Swiftness                Air            0%         N/A       99%         3
 Airstrike                Air            0%         N/A       100%        4


Dungeon Overview and Level Annotations

Branches:
Dungeon (5/15)
 Temple: D:4-7

Altars:
Ashenzari


Innate Abilities, Weirdness & Mutations

You are immune to sickness and miasma.
Your stone body is resilient. (AC +5)
You are immune to poison.
You resist negative energy. (rN+)
You are resistant to electric shocks. (rElec)
You are resistant to unholy torment.
You are immune to petrification.


Message History

The orc closely misses you.
You hit the orc.
The orc is heavily wounded.
You hit the orc priest but do no damage.
The orc hits you but does no damage.
The orc priest mumbles some strange prayers to Beogh against you.
Pain shoots through your body!
Unknown command.
You slash the orc!
You kill the orc!
You hit the orc priest but do no damage.
The orc priest invokes the aid of Beogh against you.
Beogh smites you! The orc hits you but does no damage.
You block the orc priest's attack.
Unknown command.
You barely miss the orc. You hit the orc priest.
The orc priest begins to cast a cantrip, but forgets the words!
Found a runed hunting sling.
You hear some strange, mumbled words.
You are confused.
The orc priest mumbles some strange prayers to Beogh against you.
Pain shoots through your body! The orc hits you with a +0 dagger.
* * * LOW HITPOINT WARNING * * *
The orc hits you but does no damage.
Things that are here:
a +0 short sword; a +0 ring mail; an orc corpse Unknown command.
The orc attacks as you move away! The orc barely misses you.
Unknown command.
You bump into the rock wall.
Something hits you but does no damage.
The orc priest hits you but does no damage.
The orc hits you but does no damage. The orc closely misses you.
You bump into the rock wall.
You hear some strange, mumbled words.
Something tries to affect you, but you resist.
The orc priest invokes the aid of Beogh against you.
Beogh smites you!
* * * LOW HITPOINT WARNING * * *
The orc hits you but does no damage. The orc hits you with a +0 dagger.
You die...

###.....)#.
..........
......... #......#
#......# #
#......##. ..
#......... ...##
#o)......#
......#@oW.....#
....#.##o#..<..#
....#...........
......#.##..##..
...................
#(...........###...
...................
#.##.#...##.#......
. #........#......


You could see a phantom, an orc priest and 2 orcs.

Vanquished Creatures
  Menkaure (D:4)
  An ogre (D:3)
  Blork the orc (D:4)
  A hound (D:4)
  3 orc priests
  Crazy Yiuf (D:2)
  A gnoll shaman (D:4)
  Jessica (D:2)
  Ijyb (D:3)
  Natasha (thrice) (D:2)
  2 orc wizards (D:3)
  8 gnolls
  7 adders
  A white imp (D:5)
  A worm (D:2)
  3 dart slugs
  12 orcs
  6 ball pythons
  3 endoplasms
  4 giant cockroaches
  8 goblins
  11 hobgoblins
  8 jackals
  12 kobolds
  2 quokkas (D:1)
  6 bats
  2 frilled lizards (D:2)
  5 rats
115 creatures vanquished.

Notes
Turn   | Place    | Note
-------+----------+-------------------------------------------
     0 | D:1      | bande the Gargoyle Fighter began the quest for the Orb.
     0 | D:1      | Reached XP level 1. HP: 14/14 MP: 1/1
   152 | D:1      | Reached XP level 2. HP: 9/20 MP: 2/2
   725 | D:1      | Reached XP level 3. HP: 18/24 MP: 3/3
   924 | D:1      | Identified a scroll of acquirement
   924 | D:1      | Acquired 1237 gold pieces
  1476 | D:1      | Found a faded altar of an unknown god.
  1554 | D:2      | Noticed Jessica
  1564 | D:2      | Killed Jessica
  1565 | D:2      | Reached XP level 4. HP: 25/29 MP: 4/4
  1689 | D:2      | Noticed Natasha
  1709 | D:2      | Killed Natasha
  1710 | D:2      | Reached XP level 5. HP: 23/33 MP: 5/5
  1729 | D:2      | Noticed Natasha
  1743 | D:2      | Killed Natasha
  1879 | D:2      | Noticed Natasha
  1888 | D:2      | Killed Natasha
  2162 | D:2      | Found a runed translucent door.
  2163 | D:2      | Noticed Crazy Yiuf
  2323 | D:2      | Killed Crazy Yiuf
  2447 | D:3      | Reached XP level 6. HP: 39/39 MP: 6/6
  2474 | D:3      | Noticed Ijyb
  2486 | D:3      | Killed Ijyb
  2537 | D:3      | Reached skill level 1 in Evocations
  3944 | D:4      | Reached XP level 7. HP: 33/44 MP: 7/7
  3991 | D:4      | Noticed Blork the orc
  4321 | D:3      | Reached skill level 5 in Armour
  4338 | D:4      | Killed Blork the orc
  4339 | D:4      | Reached skill level 5 in Axes
  4470 | D:4      | Noticed Menkaure
  4478 | D:4      | Killed Menkaure
  4479 | D:4      | Reached skill level 5 in Fighting
  4668 | D:4      | Reached XP level 8. HP: 49/49 MP: 8/8
  4693 | D:4      | Found a broken altar of Ashenzari.
  4913 | D:5      | Entered Level 5 of the Dungeon
  4984 | D:5      | HP: 2/49 [orc priest/divine providence (13)]
  4984 | D:5      | Slain by an orc

Illustrated notes

Levels and vault maps discovered:
D:1:      eino_arrival_cavern_d, layout_loops_ring,
          hellmonk_ecumenical_altar_prayer_group
D:2:      layout_rooms, uniq_natasha, uniq_jessica, uniq_crazy_yiuf_cottage
D:3:      layout_basic, chequers_serial_rivers_large_a, uniq_ijyb
D:4:      layout_basic, overflow_temple_1_default, serial_park_tiny_pond,
          uniq_menkaure, uniq_blork_the_orc
D:5:      layout_rooms, temple_fountains

Skill      XL: |  1  2  3  4  5  6  7 |
---------------+----------------------+-----
Axes           | 2 3 4 5 |  5.5
Fighting       | 4 5 |  5.0
Armour         | 4 5 |  5.3
Shields        | 4 |  4.4
Evocations     | 1 2 |  2.4
Stealth        | |  0.1

Action                   |  1- 3 |  4- 6 |  7- 9 || total
-------------------------+-------+-------+-------++-------
Melee: War axe           |    70 |   179 |    88 ||   337
  Use: Scroll            |     3 |     5 |     7 ||    15
       Potion            |       |     2 |       ||     2
Armor: Scale mail        |    35 |   120 |    59 ||   214
Dodge: Dodged            |    28 |   120 |    47 ||   195
Block: Buckler           |    11 |    63 |    36 ||   110

Table legend: (Time is in decaauts)
 A = Elapsed time spent in this place.
 B = Non-inter-level travel time spent in this place.
 C = Inter-level travel time spent in this place.
 D = Time resting spent in this place.
 E = Time spent auto-exploring this place.
 F = Levels seen in this place.
 G = Mean time per level.
                   A        B        C        D        E       F      G
               +--------+--------+--------+--------+--------+-----+--------+
         Total |   5132 |   5036 |     96 |   1753 |   2361 |   5 | 1026.4 |
       Dungeon |   5132 |   5036 |     96 |   1753 |   2361 |   5 | 1026.4 |
               +--------+--------+--------+--------+--------+-----+--------+

Top non-repeatable levels by time:
     D:3: 1739 daAuts
     D:1: 1554 daAuts
     D:2: 946 daAuts
     D:4: 818 daAuts
     D:5: 74 daAuts
